 Dungeon Crawl Stone Soup version 0.30-b1-2-g02819fbbbe (webtiles) character file.

Game seed: 4307585408576137538

48 sanka the Ducker (level 3, -1/28 HPs)
             Began as a Merfolk Hexslinger on May 6, 2023.
             Succumbed to an adder's poison
             ... on level 2 of the Dungeon.
             The game lasted 00:01:19 (805 turns).

sanka the Ducker (Merfolk Hexslinger)                Turns: 805, Time: 00:01:20

Health: -1/28      AC:  2    Str: 10    XL:     3   Next: 72%
Magic:  4/4        EV: 14    Int: 12    God:
Gold:   137        SH:  0    Dex: 16    Spells: 3/4 levels left

rFire   . . .        a - +1 sling
rCold   . . .        (no shield)
rNeg    . . .        c - +0 robe
rPois   .            (no helmet)
rElec   .            (no cloak)
rCorr   .            (no gloves)
SInv    .            (no boots)
Will    .....        (no amulet)
Stlth   +            i - ring of wizardry
HPRegen 0.24/turn    (no ring)
MPRegen 0.09/turn

%: wizardry (x1)
@: lethally poisoned (-1 -> -12)
A: (nimble swimmer 2), mertail
a: no special abilities


You were on level 2 of the Dungeon.
You visited 1 branch of the dungeon, and saw 2 of its levels.

You collected 137 gold pieces.

Inventory:

Hand Weapons
 a - a +1 sling (weapon)
Armour
 c - a +0 robe (worn)
Jewellery
 i - a ring of wizardry (left hand)
Scrolls
 b - a scroll of poison {!r}
 e - a scroll of identify {unknown}
 f - a scroll of immolation {unknown}
 g - a scroll of teleportation {unknown}
 h - a scroll of magic mapping {unknown}
Potions
 d - a potion of mutation {unknown}


   Skills:
 + Level 2.8 Fighting
 - Level 1.5 Ranged Weapons
 + Level 4.1 Dodging
 - Level 1.0 Spellcasting
 - Level 3.0 Hexes


You had 3 spell levels left.
You knew the following spells:

 Your Spells              Type           Power      Damage    Failure   Level
a - Slow                  Hex            28%        N/A       3%          1

Your spell library contained the following spells:

 Spells                   Type           Power      Damage    Failure   Level
 Inner Flame              Hex/Fire       4%         N/A       19%         3
 Portal Projectile        Hex/Tloc       8%         N/A       19%         3
 Cause Fear               Hex            3%         N/A       32%         4


Dungeon Overview and Level Annotations

Branches:
Dungeon (2/15)

Altars:
Wu Jian


Innate Abilities, Weirdness & Mutations

((You are very nimble when in or above water. (Stealth+, EV+, Speed+++)))
Your lower body shifts to a powerful aquatic tail in water.


Message History

You shoot a sling bullet. The sling bullet misses the adder.
The sling bullet closely misses the bat.
You feel sick. The adder bites you. x2
You are too injured to fight recklessly!
You are too injured to fight recklessly!
Unknown command.
You are too injured to fight recklessly!
You are too injured to fight recklessly!
Unknown command.
You are too injured to fight recklessly!
Unknown command.
Unknown command.
You shoot a sling bullet.
The sling bullet barely misses the adder.
The sling bullet misses the bat.
You feel sick.
You are no longer poisoned.
The adder bites you.
* * * LOW HITPOINT WARNING * * *
You are poisoned.
The adder poisons you! The adder misses you.
You shoot a sling bullet. The sling bullet misses the adder.
The sling bullet misses the bat.
* * * LOW HITPOINT WARNING * * *
You feel very sick. The adder closely misses you.
Unknown command.
Unknown command.
You shoot a sling bullet.
The sling bullet hits the adder but does no damage.
The adder is severely wounded.
* * * LOW HITPOINT WARNING * * *
You feel sick. The adder bites you.
* * * LOW HITPOINT WARNING * * *
You are more poisoned.
The adder poisons you! The adder bites you but does no damage.
You shoot a sling bullet.
The sling bullet closely misses the adder.
The sling bullet hits the bat!
You kill the bat!
You die...

.# ....#..#........###.#
.#.....#..#..####....#.#
.#.....#.......#.......#
.#.....####......####.##
.# .........(..# #.####
## .......#....# #....##
.. .......#....# ####..#
##############†#.# ##.#
...............#@#
#†#####
################S#
#..##.### #.# ##
##)##.... #.#####.
#.##....
..............###†..>...
.........##......###....
.........##......# #....
.....:...##......# #...B
.........##......# #....


You could see an adder.

Vanquished Creatures
  2 gnolls (D:2)
  3 ball pythons
  2 endoplasms (D:2)
  2 giant cockroaches (D:2)
  2 goblins
  2 hobgoblins (D:1)
  4 jackals (D:1)
  3 kobolds
  5 bats
  A frilled lizard (D:2)
26 creatures vanquished.

Notes
Turn   | Place    | Note
-------+----------+-------------------------------------------
     0 | D:1      | sanka the Merfolk Hexslinger began the quest for the Orb.
     0 | D:1      | Reached XP level 1. HP: 15/15 MP: 2/2
    94 | D:1      | Reached skill level 3 in Dodging
   103 | D:1      | Reached XP level 2. HP: 12/22 MP: 3/3
   517 | D:2      | Found an ornate altar of the Wu Jian Council.
   627 | D:2      | Reached XP level 3. HP: 26/28 MP: 4/4
   665 | D:2      | Reached skill level 4 in Dodging
   804 | D:2      | HP: 1/28 [adder (3)]
   805 | D:2      | Succumbed to an adder's poison

Illustrated notes

Levels and vault maps discovered:
D:1:      onia_arrival_mini_spirals, layout_rooms
D:2:      layout_basic, basic_altar

Skill      XL: |  1  2  3 |
---------------+----------+-----
Dodging        | 3 4 |  4.1
Fighting       | 2 |  2.8
Ranged Weapons | |  1.5
Spellcasting   | |  1.0
Hexes          | |  3.0

Action                     || total
---------------------------++-------
   Fire: Sling             ||   100
 Armour: Robe              ||    17
  Dodge: Dodged            ||    45
